 Dungeon Crawl Stone Soup version 0.31-a0-237-g2d982f9f85 (webtiles) character file.

Game seed: 11183343895624080393

415 qw the Shooter (level 6, -6/56 HPs)
             Began as a Minotaur Hexslinger on July 11, 2023.
             Mangled by a gnoll
             ... wielding a +0 flail
              (10 damage)
             ... on level 4 of the Dungeon.
             The game lasted 00:01:08 (2769 turns).

qw the Shooter (Minotaur Hexslinger)                Turns: 2769, Time: 00:01:09

Health: -6/56      AC:  5    Str:  8    XL:     6   Next: 60%
Magic:  6/6        EV: 10    Int: 10    God:
Gold:   210        SH:  0    Dex: 15    Spells: 6/7 levels left

rFire   . . .        Y - +1 sling
rCold   + . .        (no shield)
rNeg    . . .        g - +0 ring mail
rPois   .            (helmet restricted)
rElec   .            a - scarf of the Dungeon {repulsion, +Inv rCorr Str-4}
rCorr   +            (no gloves)
SInv    +            (no boots)
Will    .....        (no amulet)
Stlth   +            f - ring of see invisible
HPRegen 0.29/turn    c - ring of protection from cold
MPRegen 0.10/turn

%: repel missiles
@: no status effects
A: horns 2, retaliatory headbutt
a: Evoke Invisibility


You were on level 4 of the Dungeon.
You visited 1 branch of the dungeon, and saw 4 of its levels.

You collected 210 gold pieces.


Innate Abilities, Weirdness & Mutations

You have a pair of horns on your head.
You reflexively headbutt those who attack you in melee.


   Skills:
 - Level 5.2 Fighting
 + Level 6.1 Ranged Weapons
 - Level 1.0 Armour
 - Level 2.1 Dodging
 - Level 1.0 Spellcasting
 - Level 2.0 Hexes


You had 6 spell levels left.
You knew the following spells:

 Your Spells              Type           Power      Damage    Failure   Level
a - Slow                  Hex            16%        N/A       43%         1

Your spell library contained the following spells:

 Spells                   Type           Power      Damage    Failure   Level
 Inner Flame              Hex/Fire       2%         N/A       91%         3
 Portal Projectile        Hex/Tloc       4%         N/A       91%         3
 Cause Fear               Hex            2%         N/A       99%         4

Inventory:

Hand Weapons
 Y - a +1 sling (weapon)
Armour
 a - the scarf of the Dungeon (worn) {repulsion, +Inv rCorr Str-4}
   (You acquired it on level 2 of the Dungeon)

   Str:       It affects your strength (-4).
   +Inv:      It lets you turn invisible.
   rCorr:     It protects you from acid and corrosion.
 g - a +0 ring mail (worn)
Jewellery
 c - a ring of protection from cold (right hand)
 f - a ring of see invisible (left hand)
Scrolls
 i - a scroll of teleportation {unknown}
Potions
 b - a potion of lignification {unknown}
 d - a potion of enlightenment {unknown}
 e - 2 potions of degeneration {unknown}
 h - a potion of ambrosia {unknown}
 l - a potion of brilliance {unknown}

Dungeon Overview and Level Annotations

Branches:
Dungeon (4/15)
 Temple: D:4-7

Altars:


Message History

You start resting.
HP restored.
Found a stone staircase leading down.
Enter note:
Enter note: A gnoll comes into view. It is wielding a +0 flail.
Enter note:
Enter note: You shoot a sling bullet.
The sling bullet closely misses the gnoll.
You shoot a sling bullet.
The sling bullet hits the gnoll but does no damage.
You shoot a sling bullet.
The sling bullet barely misses the gnoll.
You shoot a sling bullet. The gnoll shouts!
The sling bullet hits the gnoll but does no damage.
You hear a shout!
You shoot a sling bullet. The sling bullet hits the gnoll.
The gnoll is lightly wounded.
The gnoll hits you with a +0 flail!
You shoot a sling bullet.
The sling bullet closely misses the gnoll.
The gnoll hits you with a +0 flail!
A dart slug comes into view.
You shoot a sling bullet. The sling bullet hits the gnoll.
The gnoll is moderately wounded.
The gnoll hits you with a +0 flail!
A gnoll comes into view. It is wielding a +0 club.
The gnoll hits you with a +0 flail!
You shoot a sling bullet.
The sling bullet closely misses the gnoll.
The dart slug launches a dart at you. The slug dart hits you.
The gnoll hits you from afar with a +0 spear!
The gnoll hits you with a +0 flail.
You shoot a sling bullet. The sling bullet hits the gnoll.
The gnoll is moderately wounded.
The gnoll hits you with a +0 flail!
You die...

....... ### ###
....... ... ...
g......## #.#
.... ......).#
#.# ...w. #.###
#.# .....#
#...######.#
......#
###......#.#
.....g.#####
######...##
#g@...### ###..#
#####...####
##... ###....#
#....
####.####..##
######......<.#
.....>...####(.#
.######### #...
#.## #.#


You could see 2 gnolls and a dart slug.

Vanquished Creatures
  Eustachio (D:4)
  A jelly (D:4)
  An orc priest (D:3)
  A sleepcap (D:4)
  2 orc wizards (D:3)
  A gnoll (D:4)
  6 adders
  A dart slug (D:1)
  4 orcs (D:3)
  11 endoplasms
  2 giant cockroaches
  9 goblins
  8 hobgoblins
  4 jackals (D:1)
  2 quokkas (D:2)
  6 bats
  7 frilled lizards
  6 kobolds
  6 rats
79 creatures vanquished.

Notes
Turn   | Place    | Note
-------+----------+-------------------------------------------
     0 | D:1      | qw the Minotaur Hexslinger began the quest for the Orb.
     0 | D:1      | Reached XP level 1. HP: 16/16 MP: 1/1
     0 | D:1      | 0 ||| qw: Version: 0.3-a-52-g30416fa
     0 | D:1      | 0 ||| qw: Game counter: 5409
     0 | D:1      | 0 ||| qw: Melee chars always use a shield: true
     0 | D:1      | 0 ||| qw: God list: Okawaru
     0 | D:1      | 0 ||| qw: Allow faded altars: false
     0 | D:1      | 0 ||| qw: Do Orc after clearing Dungeon:15 true
     0 | D:1      | 0 ||| qw: Do second Lair branch before Depths: true
     0 | D:1      | 0 ||| qw: Lair rune preference: random
     0 | D:1      | 0 ||| qw: Goals: Normal
     0 | D:1      | 0 ||| PLANNING D:1-11
   160 | D:1      | Reached skill level 3 in Ranged Weapons
   160 | D:1      | Reached XP level 2. HP: 23/23 MP: 2/2
   752 | D:1      | Reached XP level 3. HP: 29/29 MP: 3/3
   793 | D:1      | 793 ||| UPGRADING to +0 leather armour.
   803 | D:1      | 803 ||| DROPPING +0 robe.
   804 | D:1      | 804 ||| UPGRADING to +0 ring mail.
   814 | D:1      | 814 ||| DROPPING +0 leather armour.
   815 | D:1      | 815 ||| UPGRADING to ring of see invisible.
   816 | D:1      | 816 ||| DROPPING scroll of poison.
   847 | D:2      | 847 ||| STAIRDANCE
   856 | D:1      | HP: 7/29 [adder (1)]
   861 | D:1      | HP: 4/29 [poisoned by an adder]
  1031 | D:2      | Reached skill level 4 in Ranged Weapons
  1131 | D:2      | Reached skill level 1 in Armour
  1218 | D:2      | Reached XP level 4. HP: 34/36 MP: 4/4
  1528 | D:2      | 1528 ||| UPGRADING to ring of protection from cold.
  1529 | D:2      | 1529 ||| READING scroll labelled SEOTUEMENK.
  1529 | D:2      | Identified a scroll of acquirement
  1529 | D:2      | 1529 ||| ACQUIRING scarf of the Dungeon {repulsion, +Inv
                  | rCorr Str-4}
  1529 | D:2      | Acquired the scarf of the Dungeon {repulsion, +Inv rCorr
                  | Str-4}
  1531 | D:2      | 1531 ||| UPGRADING to scarf of the Dungeon {repulsion, +Inv
                  | rCorr Str-4}.
  1707 | D:3      | Reached skill level 5 in Ranged Weapons
  1893 | D:3      | Reached XP level 5. HP: 44/44 MP: 5/5
  1894 | D:3      | Reached skill level 3 in Fighting
  2112 | D:3      | 2112 ||| READING scroll labelled KAISOK SUDEIG.
  2113 | D:3      | 2113 ||| READING scroll labelled SEISISUAPY.
  2114 | D:3      | 2114 ||| READING scroll labelled TARA ICYNIDGHOB.
  2192 | D:3      | 2192 ||| READING scroll labelled ABLINA SIRCHUX.
  2193 | D:3      | 2193 ||| READING scroll labelled SAQAIR LUPRIPE.
  2214 | D:4      | Reached skill level 6 in Ranged Weapons
  2237 | D:4      | Reached XP level 6. HP: 16/52 MP: 6/6
  2439 | D:4      | Noticed Eustachio
  2464 | D:4      | HP: 12/52 [white imp/puff of frost[Eustachio] (2)]
  2467 | D:4      | Killed Eustachio
  2692 | D:4      | 2692 ||| FLEEEEING.
  2768 | D:4      | HP: 9/56 [gnoll/+0 spear (7)]
  2768 | D:4      | HP: 3/56 [gnoll/+0 flail (6)]
  2769 | D:4      | Mangled by a gnoll

Levels and vault maps discovered:
D:1:      elethiomel_arrival_maze, layout_basic
D:2:      layout_basic
D:3:      layout_rooms, chequers_garden
D:4:      layout_rooms, nicolae_stop_n_shop_1, serial_bayou_pond_a,
          uniq_eustachio

Skill      XL: |  1  2  3  4  5  6 |
---------------+-------------------+-----
Ranged Weapons | 3 4 5 6 |  6.1
Fighting       | 2 3 5 |  5.2
Armour         | 1 |  1.0
Dodging        | |  2.1
Spellcasting   | |  1.0
Hexes          | |  2.0

Action                     |  1- 3 |  4- 6 || total
---------------------------+-------+-------++-------
   Fire: Sling             |   113 |   168 ||   281
    Use: Scroll            |       |     6 ||     6
 Armour: Robe              |     7 |       ||     7
         Ring mail         |     9 |    40 ||    49
  Dodge: Dodged            |    31 |    69 ||   100
         Repelled          |       |     3 ||     3

Table legend:
 A = Non-vault XP
 B = Vault XP
 C = Vault XP percentage of total XP
 D = Non-vault monster count
 E = Vault monster count
 F = Vault count percentage of total count
                 A         B        C        D         E       F
            +---------+---------+-------+---------+---------+-------
      Total |     405 |     188 |  31.7 |      78 |       1 |   1.3
            +---------+---------+-------+---------+---------+-------
        D:1 |      55 |       0 |   0.0 |      25 |       0 |   0.0
        D:2 |      63 |       0 |   0.0 |      24 |       0 |   0.0
        D:3 |     165 |       0 |   0.0 |      20 |       0 |   0.0
        D:4 |     122 |     188 |  60.6 |       9 |       1 |  10.0
            +---------+---------+-------+---------+---------+-------
